 Dungeon Crawl Stone Soup version 0.13.0 (webtiles) character file.

9633 brunoqc the Protected (level 11, -7/133 (139) HPs)
             Began as a Minotaur Berserker on Oct 12, 2013.
             Was a High Priest of Trog.
             Mangled by an orc warrior
             ... wielding a +2,+2 orcish morningstar
             ... led by an orc knight
              (26 damage)
             ... on Level 3 of the Orcish Mines.
             The game lasted 02:09:52 (10828 turns).

brunoqc the Protected (Minotaur Berserker)         Turns: 10828, Time: 02:09:52

HP  -7/133 (139) AC 17     Str 29      XL: 11   Next: 17%
MP   0/4         EV  7     Int  4      God: Trog [*****.]
Gold 616         SH  0     Dex 11      Spells:  0 memorised, 10 levels left

Res.Fire  : + . .   See Invis. : .   k - +0 great mace
Res.Cold  : x . .   Warding    : .   T - +0 plate armour
Life Prot.: . . .   Conserve   : .   (no shield)
Res.Poison: .       Res.Corr.  : .   (helmet restricted)
Res.Elec. : .       Clarity    : .   s - +1 cloak {MR+}
Sust.Abil.: . .     Spirit.Shd : +   (no gloves)
Res.Mut.  : .       Stasis     : .   (no boots)
Res.Rott. : .       Flight     : .   l - amulet of guardian spirit
Saprovore : . . .                    f - ring of fire
                                     Y - ring of sustenance

@: berserking, quite poisoned, very quick, quite resistant to hostile
enchantments, extremely unstealthy
A: retaliatory headbutt, horns 2
a: Burn Spellbooks, Berserk, Trog's Hand, Brothers in Arms, Renounce Religion


You were on level 3 of the Orcish Mines.
You worshipped Trog.
Trog was extremely pleased with you.
You were not hungry.

You visited 3 branches of the dungeon, and saw 14 of its levels.

You collected 820 gold pieces.
You spent 224 gold pieces at shops.

Inventory:

Hand weapons
 k - a +0,+0 great mace (weapon)
 r - the +1,+1 great sword of Sin {elec, rF++}
   (Trog gifted it to you on level 8 of the Dungeon)

   Occasionally, upon striking a foe, it will discharge some electrical energy
   and cause terrible harm.
   It greatly protects you from fire.
Missiles
 d - 79 darts (quivered)
 e - a steel dart
 h - 79 arrows
 p - 54 poisoned needles
 y - 80 bolts
 W - 14 arrows of frost
Armour
 s - a +1 cloak of magic resistance (worn)
 T - a +0 plate armour (worn)
Magical devices
 n - a wand of confusion (7) {unknown}
 A - a wand of draining (4)
 B - a wand of confusion (8) {unknown}
 H - a wand of polymorph (2) {unknown}
 O - a wand of polymorph (10) {unknown}
 P - a wand of enslavement (5) {unknown}
 Q - a wand of cold (5) {unknown}
Comestibles
 c - 5 bread rations
 I - 13 sultanas
 K - a royal jelly
Scrolls
 a - a scroll of fear {unknown}
 g - a scroll of random uselessness
 j - 2 scrolls of amnesia
 m - a scroll of enchant weapon III {unknown}
 q - a scroll of enchant weapon I {unknown}
 u - 4 scrolls of teleportation {unknown}
 v - a scroll of curse jewellery {unknown}
 w - 2 scrolls of enchant armour {unknown}
 x - a scroll of fog {unknown}
 E - 6 scrolls of remove curse {unknown}
 F - a scroll of curse weapon {unknown}
 L - a scroll of summoning {unknown}
 R - a scroll of noise {unknown}
 S - 4 scrolls of recharging {unknown}
 U - a scroll of blinking {unknown}
 V - a scroll of immolation {unknown}
Jewellery
 f - a ring of fire (right hand)
 l - an amulet of guardian spirit (around neck)
 Y - a ring of sustenance (left hand)
Potions
 b - 3 potions of cure mutation
 i - 4 potions of curing
 o - a potion of might
 t - a potion of berserk rage
 z - 4 potions of heal wounds
 C - 3 potions of resistance
 D - a potion of invisibility {unknown}
 G - a potion of speed {unknown}
 J - a potion of confusion {unknown}
 M - a potion of flight
 Z - a potion of restore abilities {unknown}


   Skills:
 + Level 8.8 Fighting
 + Level 10.4 Long Blades
 + Level 3.8 Maces & Flails
 + Level 4.8 Throwing
 + Level 11.7 Armour
 + Level 8.2 Dodging
 + Level 2.3 Stealth
 + Level 1.0 Evocations


You had 10 spell levels left.
You didn't know any spells.

Dungeon Overview and Level Annotations

Branches:
Dungeon (10/27)            Temple (1/1) D:7             Orc (3/4) D:10
   Lair (0/8) D:10
    Elf: Orc:3-4

Altars:
Ashenzari
Kikubaaqudgha
Makhleb
Nemelex Xobeh
Okawaru
Sif Muna
Zin
the Shining One

Shops:
D:5 !   D:8 *   Orc:1 !


Innate Abilities, Weirdness & Mutations

You reflexively headbutt those who attack you in melee.
You have a pair of horns on your head.


Message History

The orc knight hits you with an uncursed orcish dire flail.
* * * LOW HITPOINT WARNING * * *
The orc wizard casts a spell.
The orc wizard blinks!
The orc priest hits you with an orcish short sword of venom.
* * * LOW HITPOINT WARNING * * *
You are more poisoned.
The orc warrior hits you but does no damage.
An orc comes into view. It is wielding an orcish trident.
Unknown command.
Your plate armour prevents you from hitting the orc knight.
The orc knight is lightly wounded.
* * * LOW HITPOINT WARNING * * *
You feel sick. The orc hits you but does no damage.
The orc knight roars a battle-cry!
The orcs go into a battle-frenzy!
The orc knight hits you with an uncursed orcish dire flail!
* * * LOW HITPOINT WARNING * * *
The orc warrior hits you with an orcish morningstar!
You die...

.... ## ..$..
#.## $.....
#...#. ..#....
o...$$.
.#.....#..$....
....$.......#..
.$...o.$........$
.......ooo.>.....
.......o@oo......
.................
...............
...............
...<>..........
........$$##.
..........
.#......# .#.


You could see an orc knight, 2 orc warriors, an orc priest (frenzied), an orc
wizard (frenzied) and 3 orcs.

Vanquished Creatures
  An unseen horror (D:10)
  Pikel (D:5)
  A hill giant (D:10)
  Maurice (D:9)
  2 trolls
  Prince Ribbit (D:8)
  2 two-headed ogres (D:9)
  A wyvern (D:8)
  A hungry ghost (D:7)
  4 yaks (D:9)
  Eustachio (D:8)
  Grum (D:8)
  2 hippogriffs
  A steam dragon (D:9)
  A manticore (D:9)
  2 necrophages
  4 wolves (D:8)
  A black bear (D:4)
  A slave (D:5)
  3 orc warriors
  An ice beast (D:8)
  2 sky beasts
  9 ogres
  A centaur (D:10)
  A phantom (D:9)
  A crocodile (D:9)
  4 giant frogs
  A warg (Orc:1)
  Blork the orc (D:8)
  2 big kobolds (D:9)
  3 killer bees (D:7)
  7 hounds
  A quasit (D:8)
  3 jellies
  6 crimson imps
  5 orc priests
  A giant frog skeleton (D:7)
  3 iguanas
  9 orc wizards
  9 worker ants
  A black bear skeleton (D:8)
  An ogre zombie (D:6)
  A green rat (D:8)
  9 adders
  2 giant centipedes
  2 giant mites
  A goliath beetle zombie (D:7)
  6 worms
  An adder skeleton (D:7)
  3 grey rats (D:8)
  A giant eyeball (D:4)
  8 giant geckos
  3 oozes
  55 orcs
  3 ball pythons
  20 bats
  10 goblins
  18 hobgoblins
  13 jackals
  20 kobolds
  6 quokkas
  7 giant cockroaches
  A giant gecko skeleton (D:6)
  7 giant newts
  A hobgoblin zombie (D:5)
  A kobold zombie (D:5)
  A quokka skeleton (D:5)
  16 rats
320 creatures vanquished.

Vanquished Creatures (others)
  A kobold (D:5)
1 creature vanquished.

Grand Total: 321 creatures vanquished

Notes
Turn   | Place    | Note
--------------------------------------------------------------
     0 | D:1      | brunoqc, the Minotaur Berserker, began the quest for the Orb.
     0 | D:1      | Reached XP level 1. HP: 19/19 MP: 0/0
    27 | D:1      | Reached XP level 2. HP: 26/26 MP: 0/0
    34 | D:1      | Reached skill level 4 in Long Blades
    98 | D:1      | Acquired Trog's second power
   366 | D:1      | Reached XP level 3. HP: 33/33 MP: 1/1
  1365 | D:2      | Reached XP level 4. HP: 37/40 MP: 1/1
  1918 | D:3      | Reached skill level 5 in Long Blades
  2093 | D:3      | Acquired Trog's third power
  2660 | D:4      | Reached XP level 5. HP: 46/46 MP: 1/1
  2785 | D:4      | Noticed a black bear
  2794 | D:4      | Killed a black bear
  2979 | D:4      | Reached XP level 6. HP: 39/53 MP: 2/2
  3358 | D:4      | Found a burning altar of Makhleb.
  3358 | D:4      | Found a glowing golden altar of the Shining One.
  3440 | D:5      | Entered Level 5 of the Dungeon
  3498 | D:5      | Reached skill level 5 in Fighting
  3556 | D:5      | Noticed Pikel
  3572 | D:5      | Killed Pikel
  3572 | D:5      | Reached skill level 6 in Long Blades
  3572 | D:5      | Reached skill level 5 in Armour
  3572 | D:5      | Reached skill level 5 in Dodging
  3572 | D:5      | Reached skill level 1 in Stealth
  3572 | D:5      | Reached XP level 7. HP: 16/60 MP: 2/2
  4045 | D:5      | Found Hugrisop's Distillery.
  4057 | D:5      | Bought a potion of curing for 28 gold pieces
  4057 | D:5      | Bought a potion of flight for 42 gold pieces
  4058 | D:5      | Bought a potion of heal wounds for 42 gold pieces
  4172 | D:5      | Found a deep blue altar of Sif Muna.
  4223 | D:5      | Noticed a necrophage
  4234 | D:5      | Killed a necrophage
  4234 | D:5      | Reached XP level 8. HP: 65/68 MP: 3/3
  4266 | D:5      | Reached skill level 1 in Evocations
  4621 | D:6      | Reached skill level 7 in Long Blades
  5699 | D:7      | Reached skill level 8 in Long Blades
  5699 | D:7      | Reached XP level 9. HP: 69/74 MP: 4/4
  5947 | D:7      | Found a burning altar of Makhleb.
  5969 | D:7      | Got a steaming helmet
  6321 | D:7      | Found a sparkling altar of Nemelex Xobeh.
  6507 | D:7      | Found a staircase to the Ecumenical Temple.
  6516 | Temple   | Entered the Ecumenical Temple
  6747 | D:8      | Found a shattered altar of Ashenzari.
  6762 | D:8      | Found Woicoito's General Store.
  6771 | D:8      | Bought a bread ration for 52 gold pieces
  6795 | D:8      | Noticed Grum
  6819 | D:8      | Reached skill level 1 in Maces & Flails
  6819 | D:8      | Reached skill level 9 in Armour
  6837 | D:8      | Killed Grum
  7443 | D:8      | Noticed Blork the orc
  7455 | D:8      | Killed Blork the orc
  7455 | D:8      | Reached skill level 10 in Armour
  7618 | D:8      | Noticed Prince Ribbit
  7645 | D:8      | Killed Prince Ribbit
  7645 | D:8      | Reached skill level 1 in Throwing
  7645 | D:8      | Reached XP level 10. HP: 80/80 MP: 4/4
  7706 | D:8      | Noticed Eustachio
  7709 | D:8      | Received a gift from Trog
  7710 | D:8      | Got a brightly glowing great sword {god gift}
  7725 | D:8      | Identified the great sword of Sin {god gift, elec, rF++} (Trog gifted it to you on level 8 of the Dungeon)
  7750 | D:8      | Killed Eustachio
  8033 | D:9      | Found a glowing silver altar of Zin.
  8709 | D:9      | Noticed Maurice
  8717 | D:9      | Reached skill level 11 in Armour
  8745 | D:9      | Killed Maurice
  8890 | D:9      | Reached skill level 10 in Long Blades
  9248 | D:10     | Entered Level 10 of the Dungeon
  9379 | D:10     | Noticed a hill giant
  9384 | D:10     | Killed a hill giant
  9403 | D:10     | Received a gift from Trog
  9406 | D:10     | Found a staircase to the Lair.
  9465 | D:10     | Killed an unseen horror
  9620 | D:10     | Reached XP level 11. HP: 82/88 MP: 4/4
  9651 | D:10     | Found a staircase to the Orcish Mines.
  9662 | Orc:1    | Entered Level 1 of the Orcish Mines
  9707 | Orc:1    | Found Phaatererph's Distillery.
  9755 | Orc:1    | Bought 2 potions of curing for 60 gold pieces
 10132 | Orc:1    | Received a gift from Trog
 10828 | Orc:3    | Mangled by an orc warrior

Action                   |  1- 3 |  4- 6 |  7- 9 | 10-12 || total
-------------------------+-------+-------+-------+-------++-------
Melee: Falchion          |    81 |   146 |   107 |       ||   334
       Long sword        |       |       |   137 |       ||   137
       Morningstar       |       |       |    85 |    13 ||    98
       Great sword       |       |       |       |   194 ||   194
       Great mace        |       |       |       |    38 ||    38
Throw: Dart              |       |     2 |    10 |   118 ||   130
Invok: Berserk           |     2 |     2 |     4 |     4 ||    12
       Burn Spellbooks   |       |       |     1 |       ||     1
Evoke: Wand              |       |     4 |       |       ||     4
  Use: Potion            |       |       |    13 |       ||    13
       Scroll            |       |       |       |    13 ||    13
